 Dungeon Crawl Stone Soup version 0.30-a0-459-g9104f0fc43 (webtiles) character file.

Game seed: 13917751379330653883

11 arthad the Chopper (level 2, -2/29 HPs)
             Began as a Gnoll Cinder Acolyte on Dec 15, 2022.
             Was a High Priest of Ignis.
             Succumbed to a gnoll's poison
             ... on level 1 of the Dungeon.
             The game lasted 00:02:00 (254 turns).

arthad the Chopper (Gnoll Cinder Acolyte)            Turns: 254, Time: 00:02:01

Health: -2/29      AC:  2    Str: 13    XL:     2   Next: 25%
Magic:  5/5        EV: 11    Int: 13    God:    Ignis [*****.]
Gold:   55         SH:  0    Dex:  7    Spells: 6/6 levels left

rFire   + . .      SeeInvis .    a - -1 hand axe (flame)
rCold   . . .      Faith    .    (no shield)
rNeg    . . .      Spirit   .    b - +0 robe
rPois   .          Reflect  .    (no helmet)
rElec   .          Harm     .    (no cloak)
rCorr   .          Rampage  .    (no gloves)
Will    .....                    (no boots)
Stlth   +.........               (no amulet)
HPRegen 0.24/turn                (no ring)
MPRegen 0.09/turn                (no ring)

@: lethally poisoned (-2 -> -32)
A: fangs 1, strong nose, distributed training
a: Renounce Religion, Fiery Armour, Foxfire Swarm, Rising Flame


You were on level 1 of the Dungeon.
You worshipped Ignis.
Ignis was extremely pleased with you.
You visited 1 branch of the dungeon, and saw 1 of its levels.

You collected 55 gold pieces.

Inventory:

Hand Weapons
 a - a -1 hand axe of flaming (weapon)
 j - a +0 mace of protection
Missiles
 e - 3 javelins (quivered)
Armour
 b - a +0 robe (worn)
 c - an orb of guile
Scrolls
 d - 3 scrolls of poison {unknown}
 h - a scroll of enchant weapon {unknown}
 i - a scroll of blinking {unknown}
Potions
 f - a potion of cancellation


   Skills:
 + Level 6.4 Fighting
 + Level 0.3 Short Blades
 + Level 0.3 Long Blades
 + Level 6.4 Axes
 + Level 0.3 Maces & Flails
 + Level 0.3 Polearms
 + Level 0.3 Staves
 + Level 0.3 Ranged Weapons
 + Level 0.3 Throwing
 + Level 0.3 Armour
 + Level 0.3 Dodging
 + Level 0.3 Stealth
 + Level 0.3 Shields
 + Level 0.3 Unarmed Combat
 + Level 2.7 Spellcasting
 + Level 0.2 Conjurations
 + Level 0.2 Hexes
 + Level 0.2 Summonings
 + Level 0.2 Necromancy
 + Level 0.2 Translocations
 + Level 0.2 Transmutations
 + Level 5.3 Fire Magic
 + Level 0.2 Ice Magic
 + Level 0.2 Air Magic
 + Level 0.2 Earth Magic
 + Level 0.2 Poison Magic
 + Level 0.4 Invocations
 + Level 0.3 Evocations


You had 6 spell levels left.
You didn't know any spells.
Your spell library contained the following spells:

 Spells                   Type           Power      Damage    Failure   Level
 Scorch                   Fire           30%        2d7       4%          2


Dungeon Overview and Level Annotations

Branches:
Dungeon (1/15)

Altars:


Innate Abilities, Weirdness & Mutations

You have very sharp teeth.
Your uncanny sense of smell can sniff out nearby items.
Your experience applies equally to all skills.


Message History

The poisoned dart closely misses the gnoll.
Unknown command.
Throw: 3 darts (poison)
Press: ? - help, Shift-Dir - straight line, f/p - gnoll
Aim: a gnoll, wielding a +0 spear of venom (60% to hit)
You throw a poisoned dart. The poisoned dart hits the gnoll.
The gnoll is poisoned.
Unknown command.
Throw: 2 darts (poison)
Press: ? - help, Shift-Dir - straight line, f/p - gnoll
Aim: a gnoll, wielding a +0 spear of venom (poisoned, 60% to hit)
You throw a poisoned dart.
The poisoned dart barely misses the gnoll.
Throw: dart (poison)
Press: ? - help, Shift-Dir - straight line, f/p - gnoll
Aim: a gnoll, wielding a +0 spear of venom (lightly wounded, poisoned, 60% to hit)
You throw a poisoned dart.
The poisoned dart barely misses the gnoll.
The gnoll closely misses you.
The gnoll hits you with a +0 spear of venom.
You are poisoned.
You barely miss the gnoll.
The gnoll is moderately wounded.
You feel very sick. The gnoll barely misses you.
You barely miss the gnoll.
The gnoll is moderately wounded.
You feel sick.
The gnoll hits you with a +0 spear of venom!
You are lethally poisoned!
It was a potion of cancellation.
You feel magically purged.
* * * LOW HITPOINT WARNING * * *
You feel very sick.
The gnoll hits you with a +0 spear of venom.
* * * LOW HITPOINT WARNING * * *
You are more poisoned.
Okay, then.
You barely miss the gnoll.
The gnoll is moderately wounded.
You die...

########
#......#
#......# ######
#......###..((#
#>.....@g.(....
#......###^##..
#####.## #.#
####.####.#
#......##.#
#...##..#.####
#...##.......#
#...##.......#
...
#...##.......##
##...


You could see a gnoll (poisoned).

Vanquished Creatures
  An endoplasm (D:1)
  2 giant cockroaches (D:1)
  A hobgoblin (D:1)
  A kobold (D:1)
  A ball python (D:1)
  A bat (D:1)
  2 frilled lizards (D:1)
  2 rats (D:1)
11 creatures vanquished.

Notes
Turn   | Place    | Note
-------+----------+-------------------------------------------
     0 | D:1      | arthad the Gnoll Cinder Acolyte began the quest for the
                  | Orb.
     0 | D:1      | Reached XP level 1. HP: 23/23 MP: 4/4
   158 | D:1      | Reached XP level 2. HP: 26/29 MP: 5/5
   254 | D:1      | Succumbed to a gnoll's poison

Illustrated notes

Levels and vault maps discovered:
D:1:      minmay_arrival_shattered_statue, layout_rooms

Action                   || total
-------------------------++-------
Melee: Hand axe          ||    24
       Bite              ||     1
Throw: Dart              ||     5
  Use: Potion            ||     1
Armor: Robe              ||     5
Dodge: Dodged            ||    14

Table legend: (Time is in decaauts)
 A = Elapsed time spent in this place.
 B = Non-inter-level travel time spent in this place.
 C = Inter-level travel time spent in this place.
 D = Time resting spent in this place.
 E = Time spent auto-exploring this place.
 F = Levels seen in this place.
 G = Mean time per level.
                   A        B        C        D        E       F      G
               +--------+--------+--------+--------+--------+-----+--------+
         Total |    253 |    253 |      0 |      0 |    149 |   1 |  253.0 |
       Dungeon |    253 |    253 |      0 |      0 |    149 |   1 |  253.0 |
               +--------+--------+--------+--------+--------+-----+--------+

Top non-repeatable levels by time:
     D:1: 253 daAuts
